 Dungeon Crawl Stone Soup version 0.26.1-2-gb8aa6d0cf2 (webtiles) character file.

Game seed: 14118986888821015018

90 Gadfly the Skirmisher (level 4, -6/48 HPs)
             Began as an Ogre Monk on Feb 13, 2021.
             Mangled by Crazy Yiuf
             ... wielding a +4 quarterstaff of chaos
              (15 damage)
             ... on level 2 of the Dungeon.
             The game lasted 00:01:58 (2641 turns).

Gadfly the Skirmisher (Ogre Monk)                   Turns: 2641, Time: 00:01:58

Health: -6/48      AC:  3    Str: 16    XL:     4   Next: 56%
Magic:  5/5        EV: 10    Int: 11    God:
Gold:   93         SH:  0    Dex: 11    Spells: 3/3 levels left

rFire    + . .     SeeInvis .   a - +0 mace
rCold    + . .     Faith    .   (no shield)
rNeg     . . .     Spirit   .   b - +0 robe
rPois    +         Reflect  .   (helmet restricted)
rElec    +         Harm     .   (no cloak)
rCorr    +         Rampage  .   (gloves unavailable)
Will     .....                  (boots unavailable)
Stlth    ++........             (no amulet)
HPRegen  0.16/turn              (no ring)
MPRegen  0.09/turn              (no ring)

@: resistant, attractive
A: large, unfitting armour, tough skin 1
a: no special abilities


You were on level 2 of the Dungeon.
You visited 1 branch of the dungeon, and saw 2 of its levels.

You collected 93 gold pieces.

Inventory:

Hand Weapons
 a - a +0 mace (weapon)
Missiles
 c - 47 stones (quivered)
Armour
 b - a +0 robe (worn)
Jewellery
 k - an uncursed amulet of the acrobat {unknown}
 l - a cursed ring of teleportation {unknown}
Scrolls
 d - a scroll of remove curse
Potions
 e - a potion of mutation
 j - 2 potions of cancellation


   Skills:
 - Level 4.0 Fighting
 + Level 3.1 Maces & Flails
 * Level 1.5 Throwing
 * Level 1.1 Armour
 - Level 2.6 Dodging
 - Level 1.4 Stealth
 * Level 2.0 Invocations
 * Level 1.2 Evocations


You had 3 spell levels left.
You didn't know any spells.
Your spell library was empty.

Dungeon Overview and Level Annotations

Branches:
Dungeon (2/15)

Altars:

Annotations:
D:2 Crazy Yiuf


Innate Abilities, Weirdness & Mutations

You are too large for most types of armour.
You have tough skin. (AC +1)


Message History

You are lethally poisoned!
You hit Crazy Yiuf.
Crazy Yiuf is lightly wounded.
* * * LOW HITPOINT WARNING * * *
You feel very sick. Crazy Yiuf completely misses you.
You feel better. Crazy Yiuf misses you.
It was a potion of resistance.
You feel protected.
Crazy Yiuf hits you with a +4 quarterstaff of chaos!
* * * LOW HITPOINT WARNING * * *
It was a potion of attraction.
You feel attractive to monsters.
Crazy Yiuf cries, "Flower Hive tired!"
Crazy Yiuf barely misses you.
Okay, then.
You hit Crazy Yiuf.
Crazy Yiuf is moderately wounded.
Crazy Yiuf hits you with a +4 quarterstaff of chaos!
You die...

#...#
#............##
#...#
#########......
#...# ##.####
#...# #####
###.# # #..##
#..)# ##.#.# #
#..## #...#
##.#..# ##
#...# ...
###.###.###.
#...# #g# #..##
##.##. #...#
##@#
#.#.###.###.
###.# #.##
####.#.## #.
#.# ##.# ##.##
#. #.# #.##
#####.# #. #)#
##.##
#...).#####.
#.# #.#.##
######......
#.# #....#
#.##### #.#
#....# #.#
##.####..## #.#


You could see Crazy Yiuf.

Vanquished Creatures
  4 adders (D:2)
  An ooze (D:1)
  2 leopard geckos (D:2)
  7 bats
  A giant cockroach (D:2)
  9 goblins
  4 hobgoblins
  3 jackals (D:1)
  6 kobolds
  A quokka (D:2)
  A ball python (D:2)
  2 frilled lizards
  6 rats
47 creatures vanquished.

Notes
Turn   | Place    | Note
-------+----------+-------------------------------------------
     0 | D:1      | Gadfly the Ogre Monk began the quest for the Orb.
     0 | D:1      | Reached XP level 1. HP: 24/24 MP: 1/1
   189 | D:1      | Reached XP level 2. HP: 31/32 MP: 2/2
   537 | D:1      | Reached skill level 1 in Invocations
   913 | D:1      | Reached skill level 1 in Throwing
   913 | D:1      | Reached XP level 3. HP: 37/39 MP: 3/3
  1285 | D:2      | Reached skill level 1 in Armour
  1285 | D:2      | Reached skill level 1 in Evocations
  1500 | D:2      | Reached XP level 4. HP: 33/48 MP: 5/5
  2332 | D:2      | Found a runed translucent door.
  2333 | D:2      | Noticed Crazy Yiuf
  2641 | D:2      | Mangled by Crazy Yiuf

Illustrated notes

Levels and vault maps discovered:
D:1:      dpeg_arrival_radiant, layout_loops_corners, minmay_misc_feat_encased
D:2:      layout_loops_ring, uniq_crazy_yiuf_cottage

Skill      XL: |  1  2  3  4 |
---------------+-------------+-----
Invocations    | 1 2 |  2.0
Throwing       | 1 |  1.5
Armour         | 1 |  1.1
Evocations     | 1 |  1.2
Maces & Flails | 3 |  3.1
Fighting       | |  4.0
Dodging        | |  2.6
Stealth        | |  1.4

Action                   |  1- 3 |  4- 6 || total
-------------------------+-------+-------++-------
Melee: Mace              |    89 |    71 ||   160
Throw: Stone             |    17 |       ||    17
  Use: Scroll            |     5 |     3 ||     8
       Potion            |       |     5 ||     5
 Stab: Sleeping          |       |     2 ||     2
Armor: Robe              |    33 |    14 ||    47
Dodge: Dodged            |    65 |    37 ||   102
